 Dungeon Crawl Stone Soup version 0.32-a0-576-g706899e69d (webtiles) character file.

Game seed: 16844751211440963588

298 backslashecho the Chopper (level 6, -2/49 HPs)
             Began as a Coglin Berserker on Mar 2, 2024.
             Was a Believer of Trog.
             Slain by a scorpion (3 damage)
             ... on level 3 of the Dungeon.
             The game lasted 00:03:35 (1751 turns).

backslashecho the Chopper (Coglin Berserker)        Turns: 1751, Time: 00:03:36

Health: -2/49      AC:  2    Str: 19 (20) XL:     6   Next: 36%
Magic:  6/6        EV: 12    Int:  3 (6)  God:    Trog [**....]
Gold:   80         SH:  0    Dex: 10 (13) Spells: 5/5 levels left

rFire   . . .        a - +0 hand axe {Chidori}
rCold   . . .        c - +0 dagger {Ntombi}
rNeg    . . .        b - +0 animal skin
rPois   .            (no helmet)
rElec   .            (no cloak)
rCorr   .            (no gloves)
SInv    .            (no boots)
Will    .....        (amulet unavailable)
Stlth   +            (ring unavailable)
HPRegen 0.28/turn    (ring unavailable)
MPRegen 0.10/turn    (no gizmo)

%: no passive effects
@: lethally poisoned (-2 -> -12), revved
A: off-hand wielding, slow wielding, warmup strikes, no jewellery
a: Invent Gizmo, Renounce Religion, Berserk, Trog's Hand


You were on level 3 of the Dungeon.
You worshipped Trog.
Trog was pleased with you.
You visited 1 branch of the dungeon, and saw 3 of its levels.

You collected 80 gold pieces.

Inventory:

Hand Weapons
 a - a +0 hand axe (weapon) {Chidori}
 c - a +0 dagger (offhand) {Ntombi}
Armour
 b - a +0 animal skin (worn)
Scrolls
 f - 2 scrolls of enchant weapon {unknown}
 h - a scroll of poison {unknown}
 i - 3 scrolls of teleportation {unknown}
 k - 2 scrolls of amnesia {unknown}
 l - a scroll of blinking {unknown}
 m - a scroll of vulnerability {unknown}
 o - a scroll of fear {unknown}
Potions
 d - a potion of degeneration
 e - a potion of magic {unknown}
 g - a potion of brilliance {unknown}
 j - a potion of curing {unknown}
 n - a potion of mutation {unknown}


   Skills:
 + Level 4.4 Fighting
 - Level 2.0 Short Blades
 * Level 5.3 Axes
 - Level 2.0 Armour
 - Level 2.0 Dodging


You had 5 spell levels left.
You didn't know any spells.
Your spell library was empty.

Dungeon Overview and Level Annotations

Branches:
Dungeon (3/15)

Altars:


Innate Abilities, Weirdness & Mutations

You can wield a second weapon in your off-hand.
It takes a long time for you to wield or remove held weapons.
Your first few attacks do less damage.
You cannot equip rings or amulets.


Message History

HP restored.
You now have 74 gold pieces (gained 11).
Found 3 stones.
Health restored: 49 You now have 80 gold pieces (gained 6).
Found 3 boomerangs.
You see here 3 boomerangs.
Things that are here:
a +0 dagger; a +0 robe; the human corpse of Jessica You see here the felid skeleton of Natasha.
Done exploring.
Done exploring.
There is a stone staircase leading down here.
You climb downwards.
There is a stone staircase leading up here.
You climb upwards.
There is a stone staircase leading down here.
There is a stone staircase leading down here.
You climb downwards.
There is a stone staircase leading up here.
You climb upwards.
There is a stone staircase leading down here.
You see here a +0 dagger.
There is a stone staircase leading down here.
You climb downwards.
Found a ring mail.
There is a stone staircase leading up here.
Found a robe.
A goblin and a scorpion come into view.
The goblin shouts!
You barely miss the goblin with your +0 dagger.
You slash the goblin with your +0 hand axe!
You kill the goblin!
Trog accepts your kill.
You hit the scorpion but do no damage.
You completely miss the scorpion with your +0 hand axe.
The scorpion closely misses you.
You closely miss the scorpion with your +0 dagger.
You hit the scorpion with your +0 hand axe.
The scorpion barely misses you.
You hit the scorpion but do no damage.
The scorpion is moderately wounded.
You hit the scorpion with your +0 dagger.
The scorpion stings you.
You are poisoned.
The scorpion poisons you!
You take 4 damage, and have 45/49 hp.
You hit the scorpion with your +0 hand axe.
The scorpion is moderately wounded.
You barely miss the scorpion with your +0 dagger.
You feel very sick. The scorpion stings you. The scorpion closely misses you.
You take 7 damage, and have 38/49 hp.
You hit the scorpion with your +0 hand axe.
The scorpion is heavily wounded.
You hit the scorpion but do no damage.
You feel sick. The scorpion stings you.
You are more poisoned.
The scorpion poisons you!
You take 7 damage, and have 31/49 hp.
You hit the scorpion with your +0 hand axe.
The scorpion is severely wounded.
You closely miss the scorpion with your +0 dagger.
You feel very sick.
The scorpion stings you but does no damage.
You take 4 damage, and have 27/49 hp.
You hit the scorpion with your +0 hand axe.
The scorpion is severely wounded.
You hit the scorpion but do no damage.
You feel very sick. The scorpion completely misses you.
You take 4 damage, and have 23/49 hp.
You hit the scorpion but do no damage.
The scorpion is severely wounded.
You hit the scorpion but do no damage.
You feel very sick. The scorpion misses you.
You take 3 damage, and have 20/49 hp.
You hit the scorpion but do no damage.
The scorpion is severely wounded.
You hit the scorpion but do no damage.
You feel sick. The scorpion barely misses you. The scorpion stings you.
* * * LOW HITPOINT WARNING * * *
You are lethally poisoned!
The scorpion poisons you!
You take 7 damage, and have 13/49 hp.
You barely miss the scorpion with your +0 hand axe.
The scorpion is severely wounded.
You hit the scorpion with your +0 dagger.
* * * LOW HITPOINT WARNING * * *
You feel very sick. The scorpion stings you.
* * * LOW HITPOINT WARNING * * *
You take 9 damage, and have 4/49 hp.
It was a potion of degeneration.
There was something very wrong with that liquid.
You feel weakened.
You feel dopey.
You feel clumsy.
* * * LOW HITPOINT WARNING * * *
You feel very sick. The scorpion stings you.
You die...

## .#
#######.#
...[.#.#
#[#######
#....#
#....<..#
#..@.#
...####.#.#
#.##s#
...#.# #.#
.#
#.####.###.#
.# # #.....#
.# #######
.# .# ##


You could see a scorpion.

Vanquished Creatures
  Sigmund (D:2)
  Jessica (D:2)
  Natasha (thrice) (D:2)
  An adder (D:2)
  2 dart slugs
  3 bats
  An endoplasm (D:1)
  2 giant cockroaches (D:1)
  3 goblins
  2 hobgoblins (D:1)
  2 jackals (D:1)
  A kobold (D:1)
  A quokka (D:1)
  3 ball pythons
  4 frilled lizards
  2 rats (D:1)
32 creatures vanquished.

Notes
Turn   | Place    | Note
-------+----------+-------------------------------------------
     0 | D:1      | backslashecho the Coglin Berserker began the quest for the
                  | Orb.
     0 | D:1      | Reached XP level 1. HP: 18/18 MP: 1/1
   138 | D:1      | Found a faded altar of an unknown god.
   329 | D:1      | Reached XP level 2. HP: 20/24 MP: 2/2
   648 | D:1      | Reached skill level 1 in Short Blades
   677 | D:1      | Reached ** piety under Trog
   678 | D:1      | Reached XP level 3. HP: 26/29 MP: 3/3
   911 | D:2      | Noticed Sigmund
   921 | D:2      | Killed Sigmund
   922 | D:2      | Reached skill level 4 in Axes
   922 | D:2      | Reached XP level 4. HP: 28/37 MP: 4/4
   922 | D:2      | Reached XP level 5. HP: 32/42 MP: 5/5
  1070 | D:2      | Noticed Natasha
  1076 | D:2      | Killed Natasha
  1182 | D:2      | Noticed Natasha
  1189 | D:2      | Killed Natasha
  1190 | D:2      | Reached skill level 5 in Axes
  1190 | D:2      | Reached XP level 6. HP: 18/49 MP: 6/6
  1327 | D:2      | Noticed Natasha
  1332 | D:2      | Killed Natasha
  1558 | D:2      | Noticed Jessica
  1562 | D:2      | Killed Jessica
  1751 | D:3      | HP: 1/49 [poisoned by a scorpion]
  1751 | D:3      | Slain by a scorpion

Illustrated notes

Levels and vault maps discovered:
D:1:      ncdulo_wetmaze, layout_loops_cross,
          shapermc_ecumenical_altar_hornbeckon, hangedman_decor_opposing
D:2:      layout_rooms, uniq_sigmund, uniq_jessica, uniq_natasha
D:3:      layout_basic, serial_shops, nicolae_shop_hallway_plus

Skill      XL: |  1  2  3  4  5 |
---------------+----------------+-----
Armour         | 2 |  2.0
Short Blades   | 1 2 |  2.0
Fighting       | 4 |  4.4
Axes           | 4 5 |  5.3
Dodging        | 2 |  2.0

Action                     |  1- 3 |  4- 6 || total
---------------------------+-------+-------++-------
  Melee: Hand axe          |    49 |    33 ||    82
         Dagger            |    42 |    29 ||    71
 Invoke: Berserk           |     1 |     1 ||     2
         Trog's Hand       |     1 |       ||     1
    Use: Potion            |       |     1 ||     1
 Armour: Animal skin       |    21 |    21 ||    42
  Dodge: Dodged            |    32 |    16 ||    48

Table legend: (Time is in decaauts)
 A = Elapsed time spent in this place.
 B = Non-inter-level travel time spent in this place.
 C = Inter-level travel time spent in this place.
 D = Time resting spent in this place.
 E = Time spent auto-exploring this place.
 F = Levels seen in this place.
 G = Mean time per level.
                   A        B        C        D        E       F      G
               +--------+--------+--------+--------+--------+-----+--------+
         Total |   1785 |   1658 |    127 |    299 |   1057 |   3 |  595.0 |
       Dungeon |   1785 |   1658 |    127 |    299 |   1057 |   3 |  595.0 |
               +--------+--------+--------+--------+--------+-----+--------+

Top non-repeatable levels by time:
     D:1: 884 daAuts
     D:2: 871 daAuts
     D:3: 30 daAuts
